[Event "Titled Tuesday Blitz December 27 Early 2022"]
[White "Araujo, Everson De Moura"]
[Black "Pinheiro, Iung Alicio de O."]
[WhiteFideId "22737197"]
[BlackFideId "2104350"]
[WhiteElo "1944"]
[BlackElo "2306"]
[Result "0-1"]
[Round "09"]
[TimeControl "180+2"]
[Date "2022.12.27"]
[WhiteClock "0:00:03"]
[BlackClock "0:00:48"]

1. c4 c5 2. Nc3 g6 3. g3 Bg7 4. Bg2 Nc6 5. e4 d6 6. Nge2 h5 7. h4 Nf6 8. d3 a6 9. Be3 Rb8 10. a4 Ng4 11. Bg5 Bd7 12. f3 Nge5 13. Be3 Nb4 14. Nc1 b5 15. axb5 axb5 16. Qe2 bxc4 17. dxc4 Be6 18. Nd5 Nec6 19. O-O Nd4 20. Bxd4 Bxd4+ 21. Kh2 Nxd5 22. cxd5 Rxb2 23. Qa6 Bd7 24. Nd3 Rb6 25. Qa3 Bxa1 26. Qxa1 O-O 27. e5 Bf5 28. Nf4 dxe5 29. Qxe5 Qd6 30. Qc3 Rc8 31. Ra1 c4 0-1


[Site "https://www.chess.com"]

[Event "Titled Tuesday Blitz December 27 Early 2022"]
[White "Avila Pavas, Santiago"]
[Black "Rustemov, Alexander"]
[WhiteFideId "4437128"]
[BlackFideId "4119002"]
[WhiteElo "2522"]
[BlackElo "2525"]
[Result "1-0"]
[Round "09"]
[TimeControl "180+2"]
[Date "2022.12.27"]
[WhiteClock "0:00:03"]
[BlackClock "0:00:06"]

1. d4 g6 2. e4 Bg7 3. Nc3 d6 4. Be3 a6 5. Qd2 b5 6. O-O-O Bb7 7. f3 Nd7 8. h4 h6 9. g4 e6 10. Nh3 Ne7 11. Bg2 c5 12. h5 g5 13. f4 gxf4 14. Nxf4 cxd4 15. Bxd4 Bxd4 16. Qxd4 e5 17. Qxd6 exf4 18. Rhe1 Rc8 19. Nd5 Bxd5 20. exd5 Kf8 21. Qxf4 Ng8 22. Qd6+ Kg7 23. Qxa6 b4 24. Qd3 Qg5+ 25. Kb1 Ngf6 26. Qd4 Qxg4 27. Be4 Kf8 28. Qxb4+ Nc5 29. d6 Nfxe4 30. d7 Rd8 31. Rd4 Rxd7 32. Qb8+ Kg7 33. Qe5+ f6 34. Qxc5 Nxc5 35. Rxg4+ Kf7 36. b3 Rd5 37. Rh1 f5 38. Rg6 Ne4 39. Rc6 Nf6 40. a4 Rhd8 41. b4 Rd1+ 42. Rxd1 Rxd1+ 43. Kb2 f4 44. Rc3 Ke6 45. a5 Nd5 46. Rf3 Nxb4 47. Rxf4 Nd5 48. Re4+ Kf5 49. Rc4 Nf6 50. a6 Rd8 51. Rc5+ Kg4 52. Rc6 Kg5 53. Rc5+ Kf4 54. Rc6 Ke5 55. Rc5+ Ke6 56. Rc6+ Ke7 57. Rc7+ Kd6 58. Rg7 Rh8 59. a7 Nxh5 60. Rh7 Ra8 61. Rxh6+ Kc5 62. Rxh5+ Kb6 63. Rh7 Kb5 64. Kb3 Kc5 65. Kc3 Kb5 66. Kb3 Kc5 67. c4 Kb6 68. Kb4 Kc6 69. c5 Rg8 70. Ka5 Kxc5 71. Rb7 Kc6 72. Rb8 Rg5+ 73. Ka6 1-0


[Site "https://www.chess.com"]

[Event "Titled Tuesday Blitz December 27 Early 2022"]
[White "Ayushh, Ravikumar"]
[Black "Bintang, Rasyid A. Hidayat"]
[WhiteFideId "35039482"]
[BlackFideId "7105355"]
[WhiteElo "2032"]
[BlackElo "1820"]
[Result "0-1"]
[Round "09"]
[TimeControl "180+2"]
[Date "2022.12.27"]
[WhiteClock "0:00:03"]
[BlackClock "0:00:18"]

1. e4 c5 2. Nf3 a6 3. d4 cxd4 4. Nxd4 e5 5. Nf5 d5 6. Ne3 dxe4 7. Qxd8+ Kxd8 8. Nc3 f5 9. Ned5 Nf6 10. Bg5 Nd7 11. O-O-O Be7 12. Nxe7 Kxe7 13. Nd5+ Kf7 14. Nc7 Ra7 15. Bc4+ Kg6 16. Be3 b6 17. Nd5 f4 18. Bxb6 Nxb6 19. Nxb6 Bf5 20. Nd5 Rc8 21. Bb3 a5 22. a4 Ng4 23. Rd2 e3 24. fxe3 fxe3 25. Re2 Bd3 26. Rxe3 Nxe3 27. Nxe3 Rb7 28. Rd1 Rxb3 29. Kb1 Bxc2+ 30. Nxc2 Rcb8 31. Rd5 Rxb2+ 32. Kc1 Rb1+ 33. Kd2 Rg1 34. g3 Rg2+ 35. Kd3 Rb3+ 36. Kc4 Rb2 37. Ne3 Rxh2 38. Rxa5 e4 39. Kd4 Rb4+ 40. Kc3 Rb6 41. Re5 Ra2 42. a5 Ra3+ 43. Kd4 Rb4+ 44. Nc4 Raa4 45. Rc5 e3 46. Kd3 Rxc4 47. Rxc4 Rxc4 0-1


[Site "https://www.chess.com"]

[Event "Titled Tuesday Blitz December 27 Early 2022"]
[White "Babazada, Khazar"]
[Black "Aravindh, Chithambaram VR."]
[WhiteFideId "13413554"]
[BlackFideId "5072786"]
[WhiteElo "2474"]
[BlackElo "2633"]
[Result "1-0"]
[Round "09"]
[TimeControl "180+2"]
[Date "2022.12.27"]
[WhiteClock "0:00:10"]
[BlackClock "0:00:01"]

1. e4 Nc6 2. Nf3 d6 3. d4 Nf6 4. Nc3 g6 5. h3 Bg7 6. Be3 O-O 7. Qd2 e5 8. d5 Ne7 9. O-O-O Nh5 10. g4 Nf4 11. Ne2 f5 12. gxf5 gxf5 13. Ng5 Nxe2+ 14. Qxe2 f4 15. Bd2 Rf6 16. h4 f3 17. Qc4 Ng6 18. Bh3 Bxh3 19. Rxh3 Qd7 20. Rg1 Bh6 21. h5 Bxg5 22. Bxg5 Qxh3 23. Bxf6 Qg2 24. Rd1 Rf8 25. hxg6 Rxf6 26. gxh7+ Kxh7 27. Qxc7+ Kg6 28. Qc8 Kg7 29. Qxb7+ Rf7 30. Qb8 Qxf2 31. Rh1 Qe3+ 32. Kb1 Rf8 33. Qxd6 Qg5 34. Qd7+ Rf7 35. Qh3 Kf8 36. Qc8+ Ke7 37. d6+ Kf6 38. d7 1-0


[Site "https://www.chess.com"]

[Event "Titled Tuesday Blitz December 27 Early 2022"]
[White "Bashirli, Saadat"]
[Black "Kahlert, Thomas"]
[WhiteFideId "13429990"]
[BlackFideId "4625242"]
[WhiteElo "1571"]
[BlackElo "2144"]
[Result "1/2-1/2"]
[Round "09"]
[TimeControl "180+2"]
[Date "2022.12.27"]
[WhiteClock "0:00:11"]
[BlackClock "0:00:20"]

1. d4 Nf6 2. c4 c5 3. d5 e5 4. Nc3 d6 5. Qc2 Be7 6. e4 O-O 7. Bg5 Nxd5 8. Bxe7 Nxe7 9. Rd1 Nbc6 10. Nf3 Nd4 11. Nxd4 exd4 12. Nd5 Nxd5 13. exd5 Re8+ 14. Be2 Qa5+ 15. Rd2 Bd7 16. O-O Re7 17. Bd3 g6 18. a3 Rae8 19. Rdd1 Kg7 20. Qb1 f5 21. b4 Qxa3 22. bxc5 dxc5 23. Qxb7 Ba4 24. Qa6 Qb3 25. Rd2 Qc3 26. d6 Qxd2 27. dxe7 Rxe7 28. Bxf5 Re1 29. Qxa7+ Kh6 30. Qxa4 Rxf1+ 31. Kxf1 Qc1+ 32. Ke2 gxf5 33. Qc6+ Kg5 34. h4+ Kxh4 35. Qf6+ Qg5 36. g3+ Kh5 37. Qf7+ Qg6 38. Qe7 Kh6 39. Qxc5 Qe6+ 40. Kd3 Qe4+ 41. Kd2 d3 42. Qe3+ Kg6 43. Qxe4 fxe4 44. Ke3 Kf5 45. f3 exf3 46. Kxd3 Ke5 47. Ke3 f2 48. Kxf2 Kd4 49. Kf3 Kxc4 50. Kg4 Kd4 51. Kh5 Ke4 52. g4 Kf4 53. g5 Kf5 54. Kh6 Kg4 55. Kxh7 Kxg5 1/2-1/2


[Site "https://www.chess.com"]

[Event "Titled Tuesday Blitz December 27 Early 2022"]
[White "Baskakov, Egor"]
[Black "Tan, Zhongyi"]
[WhiteFideId "24197866"]
[BlackFideId "8603642"]
[WhiteElo "2215"]
[BlackElo "2517"]
[Result "0-1"]
[Round "09"]
[TimeControl "180+2"]
[Date "2022.12.27"]
[WhiteClock "0:00:48"]
[BlackClock "0:00:09"]

1. e4 c5 2. Nf3 d6 3. d4 cxd4 4. Nxd4 Nf6 5. Nc3 g6 6. g3 Bg7 7. Bg2 O-O 8. h3 Nc6 9. Nde2 Rb8 10. a4 a6 11. O-O b5 12. axb5 axb5 13. Be3 Nd7 14. Nd4 Nxd4 15. Bxd4 Bxd4 16. Qxd4 Ne5 17. Nd5 Bxh3 18. f4 Bxg2 19. Kxg2 Nc6 20. Qc3 Rc8 21. Rh1 b4 22. Qe3 e6 23. f5 exd5 24. Qh6 Re8 25. Qxh7+ Kf8 26. fxg6 Ne5 27. Ra7 Rxc2+ 28. Kf1 Qf6+ 0-1


[Site "https://www.chess.com"]

[Event "Titled Tuesday Blitz December 27 Early 2022"]
[White "Begunov, Konstantin"]
[Black "Ovchinnikov, Vsevolod"]
[WhiteFideId "4118510"]
[BlackFideId "24176842"]
[WhiteElo "2325"]
[BlackElo "2426"]
[Result "0-1"]
[Round "09"]
[TimeControl "180+2"]
[Date "2022.12.27"]
[WhiteClock "0:00:02"]
[BlackClock "0:00:07"]

1. d4 Nf6 2. c4 g6 3. f3 Nc6 4. e4 e5 5. d5 Nd4 6. Ne2 Bb4+ 7. Nbc3 c5 8. dxc6 dxc6 9. Bh6 Be6 10. a3 Bf8 11. Bxf8 Kxf8 12. Nxd4 exd4 13. Nb1 c5 14. Bd3 Nh5 15. g3 Kg7 16. O-O Bh3 17. Rf2 Re8 18. Nd2 Re7 19. f4 Qd7 20. e5 Bg4 21. Be2 Bxe2 22. Qxe2 f6 23. exf6+ Nxf6 24. Qf3 Re3 25. Qg2 Rae8 26. Raf1 Ng4 27. Qh3 R8e7 28. Rg2 Re2 29. Nf3 Rxg2+ 30. Kxg2 Ne3+ 31. Kg1 Qxh3 32. Rf2 Nxc4 33. Ng5 Re1+ 34. Rf1 Qxf1# 0-1


[Site "https://www.chess.com"]

[Event "Titled Tuesday Blitz December 27 Early 2022"]
[White "Belozerov, Andrei"]
[Black "Srebrnic, Marko"]
[WhiteFideId "4120213"]
[BlackFideId "14603616"]
[WhiteElo "2461"]
[BlackElo "2366"]
[Result "1-0"]
[Round "09"]
[TimeControl "180+2"]
[Date "2022.12.27"]
[WhiteClock "0:00:34"]
[BlackClock "0:00:04"]

1. d4 Nf6 2. c4 g6 3. g3 d6 4. Bg2 Bg7 5. Nf3 O-O 6. O-O Nbd7 7. Nc3 a6 8. h3 e5 9. Qc2 Qe7 10. e4 b5 11. cxb5 axb5 12. Bg5 c6 13. Rfd1 h6 14. Be3 b4 15. dxe5 Nxe5 16. Nxe5 Qxe5 17. Na4 Nxe4 18. Bd4 Qb5 19. Bxg7 Kxg7 20. Bxe4 Qxa4 21. Qxa4 Rxa4 22. Bxc6 Ra6 23. Bb5 Ra5 24. Bf1 Be6 25. Rxd6 Rc8 26. Rd4 Rc2 27. Rxb4 Rf5 28. Bd3 Rfxf2 29. Bxc2 Rxc2 30. a4 Bd5 31. Ra3 g5 32. a5 h5 33. a6 f5 34. a7 Ba8 35. Rb8 Rc1+ 36. Kf2 Rc2+ 37. Ke1 Bf3 38. a8=Q 1-0


[Site "https://www.chess.com"]

[Event "Titled Tuesday Blitz December 27 Early 2022"]
[White "Bilan, Danila"]
[Black "Quinones Garcia, Santiago"]
[WhiteFideId "24161918"]
[BlackFideId "4408497"]
[WhiteElo "2303"]
[BlackElo "2248"]
[Result "1-0"]
[Round "09"]
[TimeControl "180+2"]
[Date "2022.12.27"]
[WhiteClock "0:00:07"]
[BlackClock "0:00:19"]

1. d4 Nf6 2. Nf3 g6 3. Bg5 Bg7 4. c3 O-O 5. Nbd2 d5 6. e3 c6 7. Bd3 Nbd7 8. O-O b6 9. e4 dxe4 10. Nxe4 Bb7 11. Re1 Re8 12. Qa4 Qc7 13. Rad1 c5 14. Nxf6+ Nxf6 15. Ne5 cxd4 16. cxd4 Qd6 17. Bc4 Bd5 18. Bf4 Bxc4 19. Qxc4 Qd5 20. Rc1 Rad8 21. Nc6 Rd7 22. Be5 Qxc4 23. Rxc4 Nd5 24. a4 Rc8 25. Rec1 Bxe5 26. dxe5 Kg7 27. g3 Rdc7 28. b3 a6 29. f4 e6 30. Kf2 b5 31. axb5 axb5 32. R4c2 Ra8 33. Nd4 Rca7 34. Nxb5 Rb7 35. Rc5 Ra2+ 36. Kf3 Nb4 37. Nd6 Rba7 38. Rc7 R7a3 39. Rxf7+ Kh6 40. Rcc7 Rxb3+ 41. Kg4 g5 42. Rxh7+ Kg6 43. Rcg7# 1-0


[Site "https://www.chess.com"]

[Event "Titled Tuesday Blitz December 27 Early 2022"]
[White "Bilych, Olexiy"]
[Black "Sai Krishna G V"]
[WhiteFideId "14156504"]
[BlackFideId "5028280"]
[WhiteElo "2441"]
[BlackElo "2384"]
[Result "1-0"]
[Round "09"]
[TimeControl "180+2"]
[Date "2022.12.27"]
[WhiteClock "0:00:34"]
[BlackClock "0:00:11"]

1. d4 Nf6 2. c4 g6 3. Nc3 Bg7 4. e4 d6 5. Nf3 O-O 6. Be2 e5 7. O-O Nc6 8. d5 Ne7 9. b4 Nh5 10. a4 f5 11. Nd2 Nf4 12. c5 g5 13. a5 Rf6 14. Nc4 Nxe2+ 15. Qxe2 f4 16. f3 Qe8 17. cxd6 cxd6 18. b5 Rh6 19. Ba3 Qh5 20. h3 Ng6 21. Nxd6 Bf8 22. Nxc8 Rxc8 23. Bxf8 Kxf8 24. Rac1 Nh4 25. Na4 Qe8 26. Nc5 b6 27. Ne6+ Rxe6 28. dxe6 Qxe6 29. axb6 axb6 30. Qd2 Kg7 31. Qd5 Qxd5 32. exd5 Rd8 33. Rfd1 Nf5 34. Rc6 Nd4 35. Rxb6 Rxd5 36. Rb1 Ne2+ 37. Kf2 Ng3 38. Rc6 Rd2+ 39. Kg1 e4 40. fxe4 Ne2+ 41. Kh2 Nd4 42. Rc4 f3 43. Rxd4 Rxd4 44. gxf3 Rd7 45. b6 Rb7 46. Kg3 Kf6 47. Rb5 h6 48. h4 gxh4+ 49. Kxh4 Ke6 50. Kh5 Kd6 51. Kxh6 Kc6 52. Rb1 Rb8 53. b7 Kc7 54. f4 1-0


[Site "https://www.chess.com"]

[Event "Titled Tuesday Blitz December 27 Early 2022"]
[White "Bochnicka, Vladimir"]
[Black "Slade, Theodore"]
[WhiteFideId "14943450"]
[BlackFideId "426547"]
[WhiteElo "2327"]
[BlackElo "1995"]
[Result "1-0"]
[Round "09"]
[TimeControl "180+2"]
[Date "2022.12.27"]
[WhiteClock "0:00:12"]
[BlackClock "0:00:03"]

1. e4 e5 2. Nf3 Nc6 3. Bc4 Bc5 4. c3 Nf6 5. d3 a6 6. Nbd2 O-O 7. Nf1 h6 8. Ng3 d6 9. Bb3 Re8 10. O-O Ba7 11. h3 Be6 12. Re1 d5 13. Qe2 dxe4 14. dxe4 Qe7 15. Nh4 Bxb3 16. axb3 Qe6 17. Qf3 Ne7 18. Nhf5 Nxf5 19. Nxf5 Kh7 20. Qg3 Rg8 21. Qh4 Nd7 22. Kh1 Nc5 23. Be3 Nxb3 24. Rad1 Bxe3 25. Rxe3 Rad8 26. Rxd8 g5 27. Rxg8 gxh4 28. Rg7+ Kh8 29. Rd3 Qe8 30. Rg4 Nc5 31. Rd5 b6 32. Rxh4 a5 33. b4 axb4 34. cxb4 Ne6 35. Rd3 Nf4 36. Rxh6+ Kg8 37. Rg3+ Ng6 38. h4 Qc6 39. Ne7+ Kg7 40. Nxc6 Kxh6 41. Nd8 Nxh4 42. Nxf7+ Kh7 43. Rh3 Kg6 44. Nxe5+ Kf6 45. Rxh4 Kxe5 46. f4+ Ke6 47. Rh5 1-0


[Site "https://www.chess.com"]

[Event "Titled Tuesday Blitz December 27 Early 2022"]
[White "Bok, Benjamin"]
[Black "Martinez Alcantara, Jose Eduardo"]
[WhiteFideId "1017063"]
[BlackFideId "3805662"]
[WhiteElo "2607"]
[BlackElo "2619"]
[Result "1/2-1/2"]
[Round "09"]
[TimeControl "180+2"]
[Date "2022.12.27"]
[WhiteClock "0:03:01"]
[BlackClock "0:02:44"]

1. d4 Nf6 2. c4 e6 3. Nc3 Bb4 4. Qc2 d5 5. a3 Bxc3+ 6. Qxc3 O-O 7. Bg5 h6 8. Bxf6 Qxf6 9. Nf3 dxc4 10. Qxc4 Nc6 11. Qc3 Re8 12. Rd1 1/2-1/2


[Site "https://www.chess.com"]

[Event "Titled Tuesday Blitz December 27 Early 2022"]
[White "Buscar, Michael"]
[Black "Serpi, Andrea"]
[WhiteFideId "2603616"]
[BlackFideId "2847499"]
[WhiteElo "2041"]
[BlackElo "2191"]
[Result "1/2-1/2"]
[Round "09"]
[TimeControl "180+2"]
[Date "2022.12.27"]
[WhiteClock "0:00:05"]
[BlackClock "0:00:04"]

1. Nf3 Nf6 2. g3 g6 3. Bg2 Bg7 4. O-O d5 5. c4 c6 6. d4 O-O 7. Bg5 Ne4 8. Bf4 Nd7 9. Qc1 Re8 10. Nbd2 Nxd2 11. Bxd2 Nf6 12. b3 Ne4 13. Bh6 Bh8 14. Qc2 Bf5 15. Qb2 dxc4 16. bxc4 c5 17. Rad1 Qb6 18. Qb3 cxd4 19. Nh4 Nc3 20. Nxf5 Qxb3 21. axb3 Nxd1 22. Nxd4 Bxd4 23. Rxd1 Bg7 24. Bf4 e5 25. Be3 Rad8 26. Ra1 b6 27. Bd5 Re7 28. Bg5 Rxd5 29. Bxe7 Rd7 30. Bb4 f5 31. Kf1 e4 32. Rc1 Kf7 33. Ke1 Ke6 34. c5 Rc7 35. c6 Be5 36. Ba3 Bd6 37. Bb2 Bc5 38. Kf1 Rxc6 39. b4 Kd5 40. bxc5 Rxc5 41. Rd1+ Ke6 42. Bd4 Rc4 43. e3 Ra4 44. Rc1 b5 45. Rc7 a5 46. Rxh7 b4 47. Ra7 b3 48. Ra6+ Kd5 49. Rxg6 Rxd4 50. exd4 a4 51. Rb6 Kc4 52. d5 a3 53. d6 a2 54. d7 a1=Q+ 55. Kg2 Qd4 56. Rc6+ Kb5 57. Rc8 Qxd7 58. Rb8+ Kc6 59. Rxb3 Qd5 60. Re3 Kd6 61. h4 Ke5 62. Kf1 Qd1+ 63. Kg2 Qd2 64. Kf1 f4 65. gxf4+ Kxf4 66. Kg2 Qd1 67. Rh3 Qg4+ 68. Kh2 Ke5 69. h5 Qg5 70. h6 Qg8 71. h7 Qh8 72. Kg2 Kf4 73. Kf1 Ke5 74. Ke2 Kf4 75. Rh4+ Kg5 76. Rh3 Kg4 77. Rh1 Kg5 78. Ke3 Kf5 79. Rh5+ Ke6 80. Kxe4 Kf6 81. Kf4 Kg6 82. Rh3 Qf6+ 83. Kg3 Qg5+ 84. Kh2 Qe5+ 85. Kg2 Qh8 86. Kh2 Kf5 87. Kg1 Kg6 88. Kh2 Kf5 89. Rf3+ Kg6 90. Rh3 1/2-1/2


[Site "https://www.chess.com"]

[Event "Titled Tuesday Blitz December 27 Early 2022"]
[White "Cardona, Liulia"]
[Black "Omariev, Maksim"]
[WhiteFideId "3505189"]
[BlackFideId "4193423"]
[WhiteElo "2115"]
[BlackElo "2304"]
[Result "1-0"]
[Round "09"]
[TimeControl "180+2"]
[Date "2022.12.27"]
[WhiteClock "0:00:22"]
[BlackClock "0:00:02"]

1. e4 c5 2. Nf3 d6 3. d4 cxd4 4. Nxd4 Nf6 5. Nc3 a6 6. Bc4 e6 7. Bb3 Nbd7 8. Be3 Nc5 9. f3 b5 10. Qe2 Bb7 11. O-O-O Be7 12. g4 Nfd7 13. Rhg1 Nb6 14. Ndxb5 Nxb3+ 15. axb3 O-O 16. Nd4 a5 17. Qb5 Ra6 18. Qh5 a4 19. Rg3 g6 20. Qh6 Re8 21. Rh3 Bf6 22. Ndb5 axb3 23. Nxd6 Ra1+ 24. Nb1 bxc2 25. Qxh7+ Kf8 26. Qxf7# 1-0


[Site "https://www.chess.com"]

[Event "Titled Tuesday Blitz December 27 Early 2022"]
[White "Cardoso Cardoso, Jose Gabriel"]
[Black "Graca, Robert"]
[WhiteFideId "4430492"]
[BlackFideId "644943"]
[WhiteElo "2492"]
[BlackElo "2270"]
[Result "1-0"]
[Round "09"]
[TimeControl "180+2"]
[Date "2022.12.27"]
[WhiteClock "0:00:41"]
[BlackClock "0:00:02"]

1. d4 Nf6 2. Nc3 d5 3. Bf4 c6 4. e3 g6 5. h4 Bg7 6. Be2 h5 7. Nf3 Nbd7 8. Ne5 Nxe5 9. Bxe5 Be6 10. Qd2 b5 11. f3 a5 12. g4 Kf8 13. g5 Ne8 14. e4 a4 15. a3 Nd6 16. Qf4 dxe4 17. fxe4 Nc4 18. Bxc4 Bxc4 19. O-O-O Bxe5 20. Qxe5 Kg8 21. Rh2 Kh7 22. Rf2 Rf8 23. d5 cxd5 24. exd5 Qd6 25. Qxd6 exd6 26. Ne4 Rad8 27. Rf6 Kg7 28. Nxd6 Rd7 29. Rd4 Rfd8 30. Nxc4 bxc4 31. d6 Rc8 32. Kd2 c3+ 33. bxc3 Rc5 34. c4 Re5 35. Rd5 Re4 36. c5 Rc4 37. Kd3 Rxh4 38. c6 Rh3+ 39. Kc4 Rd8 40. c7 Rc8 41. Rc5 Rh4+ 42. Kb5 Rg4 43. d7 Ra8 44. c8=Q 1-0


[Site "https://www.chess.com"]

[Event "Titled Tuesday Blitz December 27 Early 2022"]
[White "Cella, Glaucio Dalla Cortt"]
[Black "Roque Sola, Jose Luis"]
[WhiteFideId "2119455"]
[BlackFideId "5120390"]
[WhiteElo "1894"]
[BlackElo "2217"]
[Result "1-0"]
[Round "09"]
[TimeControl "180+2"]
[Date "2022.12.27"]
[WhiteClock "0:00:52"]
[BlackClock "0:00:03"]

1. e4 e6 2. d4 d5 3. Nd2 c5 4. Ngf3 cxd4 5. Nxd4 Nc6 6. Nxc6 bxc6 7. e5 Ne7 8. f4 c5 9. Bb5+ Bd7 10. Qe2 Bxb5 11. Qxb5+ Qd7 12. Qxd7+ Kxd7 13. Kf2 Nc6 14. Nf3 Be7 15. b3 f6 16. Bd2 fxe5 17. fxe5 Rhf8 18. Ke2 h6 19. Rhf1 Bd8 20. Rae1 Bc7 21. Kd1 Rf7 22. c3 Raf8 23. h3 Kc8 24. Be3 Bb6 25. Rh1 d4 26. Bd2 dxc3 27. Bxc3 Rd8+ 28. Kc2 Nd4+ 29. Bxd4 cxd4 30. Kd3 Rc7 31. Rc1 Kb7 32. Rxc7+ Bxc7 33. Rc1 Rd5 34. b4 Bxe5 35. Re1 Bd6 36. Rxe6 Bxb4 37. Kc4 d3 38. Kxd5 1-0


[Site "https://www.chess.com"]

[Event "Titled Tuesday Blitz December 27 Early 2022"]
[White "Chigaev, Maksim"]
[Black "Movahed, Sina"]
[WhiteFideId "4108116"]
[BlackFideId "42520835"]
[WhiteElo "2628"]
[BlackElo "2340"]
[Result "0-1"]
[Round "09"]
[TimeControl "180+2"]
[Date "2022.12.27"]
[WhiteClock "0:00:01"]
[BlackClock "0:00:43"]

1. e4 c5 2. Nf3 d6 3. c3 Nf6 4. g3 g6 5. Bg2 Bg7 6. O-O O-O 7. Re1 e5 8. a4 Nc6 9. d3 Re8 10. Na3 h6 11. Nc4 b6 12. Nfd2 Bb7 13. Ne3 Ne7 14. a5 d5 15. a6 Bc6 16. c4 dxe4 17. dxe4 Bd7 18. Nb1 Nc6 19. Nc3 Nd4 20. Ncd5 Be6 21. Bd2 Rb8 22. b4 cxb4 23. Bxb4 Nd7 24. Nc3 Nc5 25. Ned5 h5 26. h3 Rc8 27. Rc1 h4 28. Nb5 hxg3 29. fxg3 Qd7 30. Bxc5 Rxc5 31. Nxd4 exd4 32. Kh2 Be5 33. Qf3 Kg7 34. Kg1 Bxh3 35. Rf1 Rh8 36. Nf4 Bg4 37. Qd3 g5 38. Nd5 Qd6 39. Rf5 Bxf5 40. exf5 f6 41. Re1 Ra5 42. Qf3 d3 43. Ne3 Rd8 44. Qh5 d2 45. Qg6+ Kf8 46. Qh6+ Ke8 47. Rd1 Ra1 48. Kf2 Rxd1 49. Qh4 0-1


[Site "https://www.chess.com"]

[Event "Titled Tuesday Blitz December 27 Early 2022"]
[White "Ciuffoletti, Paolo"]
[Black "Magallanes, Rey Jomar"]
[WhiteFideId "807630"]
[BlackFideId "5205948"]
[WhiteElo "2106"]
[BlackElo "2052"]
[Result "1-0"]
[Round "09"]
[TimeControl "180+2"]
[Date "2022.12.27"]
[WhiteClock "0:00:39"]
[BlackClock "0:01:31"]

1. e4 c5 2. d4 cxd4 3. c3 dxc3 4. Nxc3 Nc6 5. Nf3 e6 6. Bc4 Bb4 7. O-O Nge7 8. Bg5 O-O 9. Rc1 a6 10. e5 h6 11. Bh4 Qc7 12. Qe2 Nf5 13. Bg3 b5 14. Bd3 Nfe7 15. Qe4 Ng6 16. h4 Re8 17. h5 Nf8 18. Qg4 d6 19. exd6 Bxd6 20. Ne4 Bxg3 21. Nf6+ Kh8 22. Nxe8 Bh2+ 23. Kh1 f5 24. Nxc7 fxg4 25. Nxh2 Ra7 26. Rxc6 Bd7 27. Rc2 Kg8 28. Nxg4 e5 29. Nxe5 Bc8 30. Nd5 Be6 31. Ne7+ Rxe7 32. Re1 Bd5 33. Rce2 Rc7 34. Ng6 Ne6 35. Rxe6 Bxe6 36. Rxe6 a5 37. Bf5 b4 38. Ra6 b3 39. Be6+ Kh7 40. Ra8 Rc1+ 41. Kh2 Rh1+ 42. Kxh1 bxa2 1-0


[Site "https://www.chess.com"]

[Event "Titled Tuesday Blitz December 27 Early 2022"]
[White "Costachi, Mihnea"]
[Black "Goltsev, Dmitry"]
[WhiteFideId "1217518"]
[BlackFideId "24176710"]
[WhiteElo "2476"]
[BlackElo "2269"]
[Result "1-0"]
[Round "09"]
[TimeControl "180+2"]
[Date "2022.12.27"]
[WhiteClock "0:00:09"]
[BlackClock "0:00:04"]

1. Nc3 Nf6 2. e4 e5 3. Nf3 Nc6 4. Bb5 d6 5. d4 exd4 6. Nxd4 Bd7 7. O-O Nxd4 8. Qxd4 Bxb5 9. Nxb5 Qd7 10. a4 Be7 11. e5 dxe5 12. Qxe5 O-O 13. Bf4 c6 14. Rad1 Nd5 15. c4 Bf6 16. Qe4 Rfe8 17. Qf3 cxb5 18. Rxd5 Qe6 19. axb5 Bxb2 20. h3 Rac8 21. Qd3 Qe4 22. Qxe4 Rxe4 23. Rfd1 h6 24. Rd8+ Rxd8 25. Rxd8+ Kh7 26. Be3 Rxc4 27. Rd7 a6 28. b6 f6 29. Rxb7 Bd4 30. Bxd4 Rxd4 31. Ra7 Ra4 32. g4 a5 33. Kg2 Rb4 34. b7 a4 35. f4 a3 36. f5 a2 37. Kg3 Rxb7 38. Rxa2 Rb3+ 39. Kh4 Rf3 40. Ra7 Rb3 41. Rc7 Ra3 42. Rb7 Rc3 43. Rb2 Ra3 44. Rc2 h5 45. Rc7 Rf3 46. Rc8 Ra3 47. Rb8 Rc3 48. Rb2 Kh6 49. Rb8 Kh7 50. Rb2 Rd3 51. Rh2 Kh6 52. Rg2 Rd1 53. gxh5 Rf1 54. Rg6+ Kh7 55. h6 gxh6 56. Rxf6 Kg7 57. Rg6+ Kf7 58. Kg4 Rg1+ 59. Kh5 Rf1 60. Kg4 Rg1+ 61. Kh5 Rf1 62. Kxh6 Rxf5 63. Rg7+ Kf8 64. Rg4 Rf6+ 65. Kg5 Rf7 66. Re4 Rg7+ 67. Kf6 Rf7+ 68. Kg6 Rg7+ 69. Kh6 Rg3 70. h4 Kf7 71. h5 Rg1 72. Kh7 Kf8 73. h6 Kf7 74. Rf4+ Ke7 75. Re4+ Kf7 76. Ra4 Kf8 77. Ra8+ Kf7 78. Ra7+ Kf6 79. Rg7 Rh1 80. Ra7 Rg1 81. Kh8 Rg2 82. Rb7 Rg1 83. Rb8 Rg2 84. Rf8+ Ke7 85. Rf4 Ke6 86. Kh7 Ke7 87. Rf5 Ke6 88. Rf1 Ke7 89. Ra1 Ke8 90. Ra8+ Ke7 91. Rg8 Rh2 92. Kg6 Rg2+ 93. Kh7 Rh2 94. Rg6 Kf7 95. Rg7+ Kf8 96. Rg8+ Kf7 97. Rg4 Rf2 98. Kh8 Kf8 99. Rg6 Rh2 100. Rf6+ Ke7 101. Kg7 Rg2+ 102. Rg6 Rf2 103. h7 Rf7+ 104. Kh6 Rf8 105. Rg7+ Kf6 106. Rg8 Kf7 107. Rxf8+ 1-0


[Site "https://www.chess.com"]

[Event "Titled Tuesday Blitz December 27 Early 2022"]
[White "Da Silva Junior, Sediney Mari"]
[Black "Viskelis, Darius"]
[WhiteFideId "2132079"]
[BlackFideId "12800830"]
[WhiteElo "2010"]
[BlackElo "2166"]
[Result "0-1"]
[Round "09"]
[TimeControl "180+2"]
[Date "2022.12.27"]
[WhiteClock "0:00:17"]
[BlackClock "0:00:11"]

1. e4 c5 2. c3 e6 3. d4 d5 4. exd5 exd5 5. Nf3 Nf6 6. Bb5+ Nc6 7. O-O Be6 8. Re1 Be7 9. dxc5 Bxc5 10. Ng5 O-O 11. Rxe6 fxe6 12. Nxe6 Bxf2+ 13. Kf1 Qb6 14. Bxc6 Bg1 15. Qe2 Ne4+ 16. Nxf8 Rxf8+ 17. Ke1 bxc6 18. Nd2 Re8 19. Nf3 Nf6 20. Ne5 Bxh2 21. Be3 Qb8 22. Nxc6 Qg3+ 23. Kd2 Ne4+ 24. Kd3 Nc5+ 25. Kd2 Ne4+ 26. Kc2 Nd6 27. Re1 Nc4 28. Qd3 Nxe3+ 29. Kb3 Qxe1 30. Qd4 Qd1+ 31. Qxd1 Nxd1 0-1


[Site "https://www.chess.com"]

[Event "Titled Tuesday Blitz December 27 Early 2022"]
[White "Deac, Bogdan-Daniel"]
[Black "Jobava, Baadur"]
[WhiteFideId "1226380"]
[BlackFideId "13601520"]
[WhiteElo "2700"]
[BlackElo "2578"]
[Result "1-0"]
[Round "09"]
[TimeControl "180+2"]
[Date "2022.12.27"]
[WhiteClock "0:00:12"]
[BlackClock "0:00:12"]

1. e4 c6 2. Nf3 d5 3. Nc3 Bg4 4. h3 Bxf3 5. Qxf3 e6 6. d4 Nf6 7. exd5 cxd5 8. Bd3 Nc6 9. Ne2 Bd6 10. c3 O-O 11. O-O e5 12. Bc2 e4 13. Qe3 Re8 14. Ng3 g6 15. Qe2 Re6 16. Bg5 Qc7 17. Bb3 Ne7 18. c4 Re8 19. cxd5 Nfxd5 20. Rac1 Qa5 21. Nxe4 Bf4 22. Rc5 Qb6 23. Bxf4 Nxf4 24. Qf3 Ned5 25. Ng5 Rf6 26. Kh1 Rf5 27. Qg3 Qf6 28. Nf3 b6 29. Rc2 h5 30. Ne5 h4 31. Qg4 Rg5 32. Qf3 Qf5 33. Bxd5 Nxd5 34. Qxf5 Rxf5 35. Rd2 Kg7 36. Nf3 g5 37. Rc1 Nf4 38. Kh2 Re7 39. Rcd1 Nd5 40. Rc1 f6 41. a4 a5 42. b3 Re6 43. Rcd1 Kg6 44. Rc1 Nf4 45. Rc8 Rd5 46. Rg8+ Kf5 47. Rc8 Red6 48. Rc4 Ne6 49. Kg1 Rd7 50. Kf1 Nf4 51. Kg1 Re7 52. Kh2 Red7 53. g3 hxg3+ 54. fxg3 Ne6 55. g4+ Ke4 56. Kg3 Nf4 57. h4 gxh4+ 58. Nxh4 Ke3 59. Nf3 Ne2+ 60. Kg2 Nf4+ 61. Kg3 Ne2+ 62. Rxe2+ Kxe2 63. Rc3 Re7 64. Kf4 Rd6 65. Rc4 Kd3 66. Rc1 Rd5 67. Kg3 Re3 68. Kf2 Re2+ 69. Kg3 Rb2 70. Rc6 Rxb3 71. Rxf6 Ke2 72. Kg2 Rd7 73. g5 Rg7 74. d5 Rd3 75. d6 Ke3 76. Kg3 Rd5 77. Kg4 Rd7 78. Re6+ Kd3 79. Ne5+ Rxe5 80. Rxe5 Rxd6 81. Kf5 Kd4 82. Rb5 Kc3 83. g6 Rd7 84. Kf6 Rd6+ 85. Kf7 Rd7+ 86. Kf8 Rd8+ 87. Ke7 Rg8 88. Kf7 Rc8 89. g7 Rc7+ 90. Kg6 Rc6+ 91. Kh7 Rc7 92. Kh8 Rc5 93. g8=Q Rxb5 94. axb5 Kb4 95. Qe8 a4 96. Qc6 Ka5 97. Qc4 a3 98. Kg7 a2 99. Qxa2+ Kxb5 100. Qb3+ Kc5 101. Kf6 b5 102. Ke5 b4 103. Ke4 1-0


[Site "https://www.chess.com"]